Map: Acid Plant LE

Players

Kelazhur - Winner!

  • Race: Terran Terran
  • Spawn Location: 11:00

HalfBreed

  • Race: Zerg Zerg
  • Spawn Location: 5:00

VOD

Have the link to the VOD?

Description

Time

  • Played on: Feb. 1, 2018, 5:13 p.m.
  • Length: 7:59
Show
View Real Time Build Order
Export as new Build Order

Kelazhur Terran - Winner!

Build Orders: Gas First Reaper Expand, Liberator Opening, Reaper Expand 

Get SALT Encoding   

  12  0:00  SCV  
  13  0:13  SCV  
  14  0:17  Supply Depot  
  14  0:25  SCV  
  14  0:28  Refinery  
  15  0:39  SCV  
  16  0:44  Barracks  
  16  0:51  SCV  
  17  1:03  SCV  
  18  1:15  SCV  
  19  1:31  Orbital Command, Reaper  
  20  1:42  Command Center  
  20  1:53  Factory  
  20  1:57  SCV  
  21  2:05  Barracks Reactor  
  21  2:10  SCV  
  21  2:11  Supply Depot  
  22  2:16  Refinery  
  22  2:22  SCV  
  23  2:34  SCV  
  24  2:44  Starport  
  24  2:46  SCV  
  24  2:50  Hellion x2  
  29  2:54  Orbital Command  
  29  2:56  Marine  
  30  3:11  Hellion  
  30  3:12  Hellion  
  34  3:14  Marine  
  35  3:22  Medivac  
  35  3:23  Armory  
  37  3:32  Marine  
  37  3:34  Hellion x2  
  42  3:43  Supply Depot  
  42  3:47  Liberator  
  45  3:55  Barracks Tech Lab  
  45  3:57  Hellion x2  
  46  4:04  SCV x2  
  46  4:06  Supply Depot  
  51  4:16  SCV x2  
  53  4:28  SCV, Hellion x2  
  58  4:34  SCV  
  58  4:36  Supply Depot  
  55  4:40  SCV  
  52  4:46  SCV  
  52  4:52  Hellion x2  
  56  4:53  SCV  
  56  4:58  SCV  
  54  5:05  SCV  
  54  5:06  Banshee, Cloaking Field  
  55  5:10  SCV  
  55  5:14  Hellion x2  
  59  5:17  SCV  
  55  5:25  SCV  
  56  5:28  Command Center  
  56  5:29  SCV  
  56  5:35  Hellion x2  
  61  5:37  SCV  
  61  5:41  SCV  
  61  5:42  Terran Vehicle Weapons Level 1, Supply Depot  
  63  5:44  Refinery  
  63  5:49  SCV, Banshee  
  67  5:53  SCV  
  68  6:01  SCV  
  68  6:03  Supply Depot  
  69  6:05  SCV, Supply Depot  
  69  6:07  Refinery  
  70  6:13  SCV, Cyclone  
  70  6:14  Cyclone  
  70  6:17  SCV  
  78  6:19  Supply Depot  
  79  6:25  SCV  
  79  6:29  SCV  
  80  6:37  SCV  
  81  6:41  SCV  
  81  6:44  Banshee  
  81  6:46  Orbital Command, Hellion x2  
  87  6:49  Factory, Barracks Tech Lab  
  87  6:51  Factory  
  87  6:56  SCV  
  87  6:59  Armory  
  87  7:00  Supply Depot  
  88  7:03  Engineering Bay  
  88  7:07  SCV, Hellion x2  
  93  7:10  SCV  
  91  7:19  SCV  
  89  7:24  Supply Depot  
  89  7:26  SCV  
  89  7:28  Hellion  
  89  7:29  Hellion  
  90  7:39  SCV x2  
  90  7:40  Factory, Starport Reactor  
  90  7:42  Factory, Supply Depot  
Show
View Real Time Build Order
Export as new Build Order

HalfBreed Zerg 

Build Orders: Hatch First 

Get SALT Encoding   

  12  0:00  Drone  
  13  0:13  Overlord  
  13  0:17  Drone  
  14  0:32  Drone x2  
  14  0:35  Drone  
  17  0:51  Hatchery  
  17  0:55  Drone  
  17  0:58  Drone  
  18  1:08  Extractor  
  17  1:13  Spawning Pool  
  17  1:16  Drone  
  17  1:20  Drone  
  18  1:28  Drone  
  19  1:39  Drone  
  20  1:50  Overlord  
  20  2:00  Queen  
  22  2:03  Queen  
  22  2:05  Zergling x4  
  26  2:09  Metabolic Boost  
  26  2:23  Hatchery  
  26  2:27  Drone  
  26  2:31  Drone  
  26  2:36  Drone x2  
  29  2:48  Queen  
  29  2:50  Overlord  
  31  2:52  Drone  
  31  2:56  Drone  
  33  2:58  Drone  
  33  3:02  Drone x2  
  36  3:08  Drone  
  36  3:09  Drone  
  36  3:12  Drone x2  
  40  3:17  Overlord  
  40  3:18  Drone  
  41  3:20  Drone  
  41  3:26  Queen  
  44  3:32  Roach Warren  
  42  3:35  Zergling x2  
  42  3:40  Zergling x6  
  46  3:43  Drone  
  46  3:46  Drone  
  48  3:54  Drone x3  
  51  3:57  Queen  
  51  4:01  Lair  
  53  4:04  Extractor x2  
  53  4:05  Drone x2  
  53  4:13  Roach x2  
  53  4:14  Overlord  
  57  4:18  Overlord  
  55  4:34  Roach  
  55  4:36  Roach  
  55  4:41  Roach x3  
  55  4:43  Drone x5  
  61  4:48  Spore Crawler  
  58  4:53  Roach  
  58  5:04  Drone  
  58  5:05  Drone x3  
  58  5:07  Zergling x4  
  59  5:09  Roach  
  58  5:17  Spore Crawler  
  55  5:25  Ravager  
  55  5:26  Drone x3  
  54  5:31  Queen  
  54  5:35  Drone x2  
  57  5:45  Drone x2  
  57  5:47  Queen  
  57  5:49  Extractor  
  59  5:50  Drone  
  59  5:52  Extractor, Drone  
  60  6:02  Drone x3  
  60  6:03  Evolution Chamber, Extractor  
  61  6:05  Evolution Chamber  
  61  6:11  Drone x3  
  61  6:14  Infestation Pit, Drone  
  61  6:18  Overlord  
  63  6:21  Queen  
  63  6:24  Drone  
  66  6:38  Roach x6  
  73  6:41  Overseer  
  65  7:04  Roach  
  65  7:06  Overlord x2, Roach  
  48  7:23  Roach x3  
  49  7:35  Drone  
  49  7:36  Roach  
Tags
 
Add a new tag
Caveats
  • Supply blocks, unpowered buildings, or Contaminate may cause inaccurate times.
  • Supply counts are checked every 10 seconds.